 Dungeon Crawl Stone Soup version 0.20-a0-791-gf6451d4 (webtiles) character file.

1415 Amciq the Shield-Bearer (level 8, 0/71 HPs)
             Began as a Hill Orc Fighter on Mar 1, 2017.
             Succumbed to a killer bee's poison
             ... on level 7 of the Dungeon.
             The game lasted 00:14:04 (6729 turns).

Amciq the Shield-Bearer (Hill Orc Fighter)          Turns: 6729, Time: 00:14:05

Health: 0/71       AC: 15    Str: 20    XL:     8   Next: 71%
Magic:  8/8        EV:  6    Int:  8    God:
Gold:   263        SH: 10    Dex: 11    Spells: 7/7 levels left

rFire    + . .     SeeInvis .   A - +3 flail (crush)
rCold    + . .     Gourm    .   B - +1 chain mail {rN+}
rNeg     + . .     Faith    .   k - +0 shield of the New World {rF++}
rPois    .         Spirit   .   (no helmet)
rElec    .         Reflect  .   D - +0 cloak
rCorr    .         Harm     .   c - +0 pair of gloves
MR       .....                  x - +0 pair of boots
Stlth    ..........             C - amulet of inaccuracy (curse)
Regen    0.3/turn               (no ring)
MPRegen  0.2/turn               t - ring of ice

@: lethally poisoned (0 -> -8), about to teleport
A: no striking features
a: no special abilities


You were on level 7 of the Dungeon.
You were very hungry.

You visited 2 branches of the dungeon, and saw 8 of its levels.

You collected 263 gold pieces.

Inventory:

Hand Weapons
 a - a +0 war axe
 A - a +3 flail of crushing (weapon)
Missiles
 g - 2 tomahawks of dispersal (quivered)
Armour
 c - a +0 pair of gloves (worn)
 k - the +0 shield of the New World (worn) {rF++}
   (You found it on level 5 of the Dungeon)

   It greatly protects you from fire.
 x - a +0 pair of boots (worn)
 B - a +1 chain mail of positive energy (worn)
 D - a +0 cloak (worn)
Jewellery
 t - a ring of ice (left hand)
 C - a cursed amulet of inaccuracy (around neck)
Wands
 b - a wand of paralysis (4/24)
 o - a wand of iceblast (9/15)
Scrolls
 l - a scroll of brand weapon {unknown}
 p - 2 scrolls of remove curse {unknown}
 w - a scroll of identify
Potions
 d - a potion of might
 e - 2 potions of magic
 h - 2 potions of agility
 i - a potion of cancellation
 j - 3 potions of heal wounds
 n - 2 potions of brilliance {unknown}
Books
 u - a book of Changes

   Spells                             Type                      Level
   a - Beastly Appendage              Transmutation                1
   b - Sticks to Snakes               Transmutation                2
   c - Spider Form                    Transmutation/Poison         3
   d - Ice Form                       Ice/Transmutation            4
   e - Blade Hands                    Transmutation                5
Comestibles
 f - 2 bread rations
 m - 4 meat rations
 r - 3 royal jellies
 s - 5 fruits


   Skills:
 + Level 6.6 Fighting
 + Level 6.7 Axes
 + Level 6.7 Armour
 + Level 7.4 Shields


You had 7 spell levels left.
You didn't know any spells.

Dungeon Overview and Level Annotations

Branches:
Dungeon (7/15)             Temple (1/1) D:5

Altars:
Ashenzari
Cheibriados
Elyvilon
Fedhas
Gozag
Hepliaklqana
Kikubaaqudgha
Makhleb
Nemelex Xobeh
Qazlal
Ru
Sif Muna
Trog
Uskayaw
Vehumet
Wu Jian
Xom
Zin

Annotations:
D:6 smazza's ghost, novice TeFE


Message History

* * * LOW HITPOINT WARNING * * *
You feel sick.
The killer bee stings you but does no damage.
* * * LOW HITPOINT WARNING * * *
You feel sick.
The killer bee stings you but does no damage.
You feel better. The killer bee barely misses you. The killer bee stings you.
* * * LOW HITPOINT WARNING * * *
You are poisoned.
The killer bee poisons you!
You feel sick. The killer bee stings you.
* * * LOW HITPOINT WARNING * * *
You are more poisoned.
The killer bee poisons you!
As you read the scroll of teleportation, it crumbles to dust.
You feel strangely unstable.
* * * LOW HITPOINT WARNING * * *
You feel sick. The killer bee closely misses you.
The killer bee stings you but does no damage.
You die...

#.#####..#
##.....##
#.##.....# ##...##
#.##.##Fy## ##'##
#.#...#.#y## #.#
#.>....###.##
#.#######
#.......###y#
##........
##.....###y##
##...######
##...#.#.## #.....#
##.###@#######...##
### #...........#
##########.## #.#
#.# #.# #.# #.# #.#


You could see 2 killer bees.

Vanquished Creatures
  The ghost of Opal the Covered, an amateur DsBe of Trog (D:4)
  Menkaure (D:5)
  Edmund (D:4)
  An ice beast (D:7)
  A big kobold (D:7)
  A bullfrog (D:7)
  A bullfrog zombie (D:7)
  A centaur zombie (D:7)
  4 hounds
  A bullfrog skeleton (D:5)
  An orc priest (D:4)
  4 orc wizards
  Jessica (D:3)
  3 iguanas
  6 worker ants
  A hound zombie (D:5)
  A gnoll (D:1)
  A worker ant zombie (D:5)
  6 adders
  2 shadow imps (D:7)
  An ooze (D:5)
  3 worms
  4 dart slugs
  5 leopard geckos
  13 orcs
  6 giant cockroaches
  5 goblins
  7 hobgoblins
  5 jackals
  9 kobolds
  A quokka (D:3)
  8 bats
  7 frilled lizards
  2 leopard gecko skeletons (D:7)
  A quokka zombie (D:5)
  9 rats
125 creatures vanquished.

Notes
Turn   | Place    | Note
-------+----------+-------------------------------------------
     0 | D:1      | Amciq the Hill Orc Fighter began the quest for the Orb.
     0 | D:1      | Reached XP level 1. HP: 19/19 MP: 1/1
   102 | D:1      | Reached XP level 2. HP: 8/27 MP: 2/2
   564 | D:1      | Reached skill level 4 in Shields
   638 | D:1      | Reached XP level 3. HP: 28/33 MP: 3/3
  1125 | D:2      | Found a hazy altar of Hepliaklqana.
  1344 | D:2      | Reached XP level 4. HP: 38/40 MP: 4/4
  1411 | D:2      | Found a blossoming altar of Fedhas.
  1942 | D:3      | Noticed Jessica
  1965 | D:3      | Killed Jessica
  1965 | D:3      | Reached XP level 5. HP: 37/46 MP: 5/5
  2067 | D:3      | Reached skill level 5 in Shields
  2616 | D:3      | Found a hide-covered altar of Uskayaw.
  2850 | D:4      | Noticed Edmund
  2869 | D:4      | Killed Edmund
  2869 | D:4      | Reached XP level 6. HP: 42/53 MP: 6/6
  3047 | D:4      | Found a snail-covered altar of Cheibriados.
  3248 | D:4      | Noticed Opal's ghost (amateur DsBe)
  3258 | D:4      | Killed Opal's ghost
  3258 | D:4      | Reached skill level 5 in Armour
  3258 | D:4      | Reached XP level 7. HP: 60/60 MP: 7/7
  3563 | D:4      | Reached skill level 6 in Shields
  3566 | D:4      | Reached skill level 5 in Fighting
  3674 | D:5      | Entered Level 5 of the Dungeon
  3753 | D:5      | Reached skill level 5 in Axes
  4227 | D:5      | Got a brightly glowing shield
  4238 | D:5      | Identified the +0 shield of the New World {rF++} (You found it on level 5 of the Dungeon)
  4286 | D:5      | Found a staircase to the Ecumenical Temple.
  4295 | Temple   | Entered the Ecumenical Temple
  4803 | D:5      | Noticed Menkaure
  4811 | D:5      | Killed Menkaure
  4811 | D:5      | Reached XP level 8. HP: 61/69 MP: 8/8
  5212 | D:6      | Noticed smazza's ghost (novice TeFE)
  5726 | D:7      | Reached skill level 7 in Shields
  6725 | D:7      | HP: 3/71 [poisoned by a killer bee]
  6728 | D:7      | HP: 1/71 [poisoned by a killer bee]
  6729 | D:7      | Succumbed to a killer bee's poison

Vault maps used:
D:1:      elethiomel_arrival_maze, minmay_misc_feat_cross, minmay_circled_x
D:2:      fedhas_altar_1, nicolae_overflow_hidden_temple
D:3:      eat_drink_and_be_merry_uskayaw, first_bread, uniq_jessica
D:4:      kennysheep_slug_shrine, uniq_edmund
D:5:      minmay_temple_entry_butterflies, item_on_display_a, uniq_menkaure
D:6:      okawaru_trees_2
Temple:   eino_temple_lava

Skill      XL: |  1  2  3  4  5  6  7  8 |
---------------+-------------------------+-----
Axes           | 3 4 5 6 |  6.7
Shields        | 4 5 6 7 |  7.4
Fighting       | 4 5 6 |  6.6
Armour         | 4 5 6 |  6.7

Action                   |  1- 3 |  4- 6 |  7- 9 || total
-------------------------+-------+-------+-------++-------
Melee: War axe           |   119 |   157 |       ||   276
       Flail             |       |    25 |   297 ||   322
Throw: Tomahawk          |       |       |     1 ||     1
  Use: Potion            |       |     1 |     6 ||     7
       Scroll            |       |       |    14 ||    14
  Eat: Chunk             |     2 |     5 |    10 ||    17
       Fruit             |       |       |     2 ||     2
Armor: Scale mail        |    72 |    16 |       ||    88
       Plate armour      |       |    62 |       ||    62
       Chain mail        |       |     7 |   141 ||   148
       Skin              |       |       |     6 ||     6
Dodge: Dodged            |    34 |    18 |    52 ||   104
Block: Shield            |     7 |       |   153 ||   160
       Large shield      |   112 |   164 |    36 ||   312
